 Dungeon Crawl Stone Soup version 0.28-a0-1493-g08698888e4 (webtiles) character file.

Game seed: 13946397821572300780

3588 tilp the Covert (level 9, -38/45 HPs)
             Began as a Felid Berserker on Jan 12, 2022.
             Was a Believer of Trog.
             Annihilated by a death knight (42 damage)
             ... on level 9 of the Dungeon.
             The game lasted 00:13:16 (12878 turns).

tilp the Covert (Felid Berserker)                  Turns: 12878, Time: 00:13:17

Health: -38/45     AC:  2    Str: 23    XL:     9   Next: 85%
Magic:  10/10      EV: 23    Int:  9    God:    Trog [**....]
Gold:   397        SH:  0    Dex: 16    Spells: 8/8 levels left
                                        Lives:  0   Deaths: 3

rFire   . . .      SeeInvis +     - Unarmed
rCold   . . .      Faith    .   (shield unavailable)
rNeg    . . .      Spirit   .   (armour unavailable)
rPois   .          Reflect  .   (helmet unavailable)
rElec   .          Harm     .   (cloak unavailable)
rCorr   .          Rampage  .   (gloves unavailable)
Will    +....                   (boots unavailable)
Stlth   ++........              m - amulet of regeneration
HPRegen 0.95/turn               r - +6 ring of strength
MPRegen 0.12/turn               (no ring)

@: on berserk cooldown, slowed, glowing, slow
A: very small, claws 1, fangs 3, see invisible, speed 1, shaggy fur 2, stealthy
paws, no weapons or thrown items, no armour, multi-lived
a: Renounce Religion, Berserk, Trog's Hand


You were on level 9 of the Dungeon.
You worshipped Trog.
Trog was pleased with you.
You visited 1 branch of the dungeon, and saw 9 of its levels.

You collected 397 gold pieces.

Inventory:

Jewellery
 m - an amulet of regeneration (around neck)
 r - a +6 ring of strength (left paw)
Wands
 g - a wand of iceblast (18)
 l - a wand of paralysis (11)
Scrolls
 d - a scroll of magic mapping
 f - a scroll of noise
 o - a scroll of identify
 u - a scroll of blinking
Potions
 a - 7 potions of curing
 b - 2 potions of ambrosia
 c - a potion of haste {unknown}
 e - 2 potions of lignification
 h - 2 potions of might
 i - 2 potions of brilliance {unknown}
 j - a potion of invisibility {unknown}
 k - a potion of degeneration {unknown}
 p - 2 potions of cancellation {unknown}
 q - a potion of heal wounds {unknown}
 s - a potion of resistance {unknown}
Miscellaneous
 n - a piece from Xom's chessboard (15/15)


   Skills:
 + Level 9.2 Fighting
 - Level 10.0 Dodging
 - Level 12.0 Stealth
 - Level 10.0 Unarmed Combat
 - Level 6.0 Evocations


You had 8 spell levels left.
You didn't know any spells.
Your spell library was empty.

Dungeon Overview and Level Annotations

Branches:
Dungeon (9/15)             Temple (0/1) D:5            Lair (0/6) D:8
    Orc: D:9-12

Altars:
Cheibriados
Fedhas
Gozag
Kikubaaqudgha
Qazlal
Trog
Vehumet
Xom
Yredelemnul
The Shining One


Innate Abilities, Weirdness & Mutations

You have sharp claws.
You have razor-sharp teeth.
You have supernaturally acute eyesight. (SInv)
You cover ground quickly. (Speed+)
You are covered in thick fur. (AC +2)
Your paws help you pounce on unaware monsters.
You are incapable of wielding weapons or throwing items.
You cannot wear armour.
You gain extra lives every three experience levels.


Message History

a +0 scimitar; a +0 robe You scratch the centaur.
The centaur is lightly wounded.
The centaur hits you with a +1 morningstar of protection.
The centaur kicks you.
You claw the centaur! You claw the centaur.
The centaur is almost dead.
The centaur misses you. The centaur barely misses you.
You claw the centaur!
You kill the centaur!
Trog accepts your kill.
You closely miss the vampire mosquito.
The vampire mosquito completely misses you.
You mangle the vampire mosquito!! You claw the vampire mosquito.
You destroy the vampire mosquito!
Trog accepts your kill.
The death knight calls down the wrath of Yredelemnul upon you.
You resist with significant effort.
Items here: ( )))) [[ ††.
You scratch the death knight. You bite the death knight!
The death knight is lightly wounded.
The death knight closely misses you.
You mangle the death knight!!
The death knight is heavily wounded.
You are no longer berserk.
You are exhausted.
You feel yourself slow down.
You scratch the death knight but do no damage.
The death knight is heavily wounded.
The death knight calls down the wrath of Yredelemnul upon you.
Your body is wracked with pain!
* * * LOW HITPOINT WARNING * * *
The death knight offers itself to Yredelemnul, and fills with unholy energy.
You claw the death knight!
The death knight is heavily wounded.
The death knight reflects your damage back at you!
* * * LOW HITPOINT WARNING * * *
The death knight hits you with the +10 morningstar "Eos" {elec, Halo rElec}!!!
Ouch! That really hurt!
You die...

#....##.###### #.....
#....#...#... ##.....
#...##?.(.##### #......
#...#..........##......
#..##..)..####.#.......
#..#.##.##.#..##.......
#.###.#)#.#.###........
#.#.###p###..##........
#.#..)@......#........'
#..###########........#
#.)...................#
###.#.##.##...........#
#?...##..#...........#
#.######............##
### ##...#.######.##.
#..#...###.....#.
#.#..#.........#.


You could see a death knight (reflects damage).

Vanquished Creatures
  Gastronok (D:9)
  Harold (D:7)
  A skeletal warrior (D:9)
  A deep elf pyromancer (D:9)
  A gargoyle (D:9)
  Maggie (D:9)
  A komodo dragon (D:8)
  Grinder (D:4)
  Sigmund (D:3)
  A vampire (D:7)
  A wraith (D:9)
  A wyvern (D:9)
  7 yaks
  A steam dragon (D:9)
  A vampire mosquito (D:9)
  Menkaure (D:4)
  Edmund (D:4)
  A water moccasin (D:7)
  An acid dragon (D:8)
  Duvessa (D:6)
  A hornet zombie (D:5)
  2 orc warriors (D:9)
  3 ice beasts
  A black bear (D:6)
  A sky beast (D:6)
  4 ogres
  2 centaurs
  2 phantoms
  4 kobold brigands
  5 bullfrogs
  4 scorpions
  A water moccasin skeleton (D:4)
  A wyvern skeleton (D:6)
  4 killer bees (D:9)
  Dowan (D:6)
  2 wights (D:9)
  A howler monkey (D:9)
  A bullfrog zombie (D:6)
  A centaur zombie (D:9)
  2 gnoll shamans
  2 hounds
  A jelly (D:5)
  An iguana (D:5)
  Ijyb (D:4)
  6 orc wizards
  A statue (D:8)
  2 killer bee zombies
  A howler monkey zombie (D:9)
  11 gnolls
  8 adders
  A shadow imp (D:7)
  2 white imps
  A howler monkey simulacrum (D:9)
  2 ufetubi
  A worm (D:2)
  4 dart slugs
  20 orcs
  6 ball pythons
  2 bats (D:1)
  3 endoplasms
  3 giant cockroaches
  12 hobgoblins
  20 kobolds
  4 quokkas
  2 frilled lizards (D:2)
  7 goblins
  8 rats
201 creatures vanquished.

Vanquished Creatures (others)
  23 plants
  3 withered plants (D:7)
26 creatures vanquished.

Grand Total: 227 creatures vanquished

Notes
Turn   | Place    | Note
-------+----------+-------------------------------------------
     0 | D:1      | tilp the Felid Berserker began the quest for the Orb.
     0 | D:1      | Reached XP level 1. HP: 10/10 MP: 2/2
    17 | D:1      | Reached skill level 1 in Stealth
   105 | D:1      | Reached XP level 2. HP: 5/14 MP: 3/3
   519 | D:1      | Reached skill level 2 in Stealth
   578 | D:1      | Found a faded altar of an unknown god.
  1800 | D:2      | Reached skill level 3 in Stealth
  1800 | D:2      | Reached XP level 3. HP: 17/17 MP: 4/4
  2540 | D:3      | Noticed Sigmund
  2554 | D:3      | Killed Sigmund
  2555 | D:3      | Reached skill level 5 in Stealth
  2555 | D:3      | Reached XP level 4. HP: 10/21 MP: 5/5
  2555 | D:3      | Reached XP level 5. HP: 12/24 MP: 6/6
  2556 | D:3      | Reached skill level 5 in Unarmed Combat
  3354 | D:3      | Reached ** piety under Trog
  3550 | D:3      | Found a glowing golden altar of the Shining One.
  3566 | D:3      | Gained mutation: You are covered in thick fur. (AC +2)
                  | [Felid growth]
  3566 | D:3      | Reached XP level 6. HP: 26/28 MP: 7/7
  3784 | D:4      | Reached skill level 6 in Stealth
  3791 | D:4      | Noticed Edmund
  3840 | D:4      | Killed Edmund
  4005 | D:4      | Reached XP level 7. HP: 31/31 MP: 8/8
  4044 | D:4      | Noticed Grinder
  4124 | D:4      | Noticed Ijyb
  4135 | D:4      | Killed Ijyb
  4575 | D:4      | Reached skill level 5 in Dodging
  5043 | D:4      | Reached skill level 7 in Stealth
  5099 | D:4      | Noticed Menkaure
  5115 | D:4      | Killed Menkaure
  5116 | D:4      | Reached XP level 8. HP: 36/36 MP: 9/9
  5324 | D:4      | Killed Grinder
  5659 | D:5      | Entered Level 5 of the Dungeon
  5694 | D:5      | Found a snail-covered altar of Cheibriados.
  5757 | D:5      | Found a shimmering altar of Xom.
  5892 | D:5      | Reached skill level 8 in Stealth
  5933 | D:5      | Reached skill level 1 in Evocations
  5940 | D:5      | Reached skill level 5 in Fighting
  6496 | D:5      | Identified the +3 spear "Pismab" {freeze, *Noise Int+5}
  6681 | D:5      | Found a staircase to the Ecumenical Temple.
  6867 | D:6      | Noticed Duvessa
  6870 | D:6      | Noticed Dowan
  6929 | D:6      | Killed Duvessa
  6930 | D:6      | Reached skill level 9 in Stealth
  6933 | D:6      | Killed Dowan
  6936 | D:6      | Reached XP level 9. HP: 20/41 MP: 10/10
  8392 | D:7      | Found a basalt altar of Yredelemnul.
  8450 | D:7      | Reached skill level 10 in Stealth
  8463 | D:7      | Noticed Harold
  8913 | D:7      | Killed Harold
  9307 | D:7      | Found an opulent altar of Gozag.
  9372 | D:7      | Found a blossoming altar of Fedhas.
  9382 | D:7      | Reached skill level 5 in Evocations
  9442 | D:7      | Found an ancient bone altar of Kikubaaqudgha.
  9601 | D:7      | Slain by a yak
  9602 | D:7      | Reached XP level 8. HP: -5/39 MP: 9/9
  9677 | D:7      | Reached XP level 9. HP: 42/42 MP: 10/10
  9823 | D:7      | Reached skill level 11 in Stealth
  9891 | D:7      | Mangled by a yak
  9892 | D:7      | Reached XP level 8. HP: -6/40 MP: 9/9
 10488 | D:8      | Found a radiant altar of Vehumet.
 11131 | D:8      | Found a staircase to the Lair.
 11132 | D:8      | Noticed a komodo dragon
 11532 | D:8      | Killed a komodo dragon
 11533 | D:8      | Reached XP level 9. HP: 26/43 MP: 10/10
 11742 | D:9      | Noticed Maggie
 11764 | D:9      | Killed Maggie
 11847 | D:9      | Noticed a deep elf pyromancer
 11857 | D:9      | Killed a deep elf pyromancer
 11908 | D:9      | Noticed Gastronok
 12076 | D:9      | Found a stormy altar of Qazlal.
 12085 | D:9      | Found a bloodstained altar of Trog.
 12168 | D:9      | Killed Gastronok
 12169 | D:9      | Reached skill level 12 in Stealth
 12169 | D:9      | Reached XP level 10. HP: 46/48 MP: 11/11
 12602 | D:9      | Reached skill level 10 in Dodging
 12622 | D:9      | Noticed a gargoyle
 12624 | D:9      | Identified the +1 robe of Rationality {+Blink Will+ Stlth-}
 12644 | D:9      | HP: 1/47 [gargoyle (8)]
 12646 | D:9      | Killed a gargoyle
 12647 | D:9      | Reached skill level 10 in Unarmed Combat
 12795 | D:9      | Noticed a skeletal warrior
 12814 | D:9      | Slain by a skeletal warrior
 12815 | D:9      | Reached XP level 9. HP: -3/67 MP: 10/10
 12862 | D:9      | Noticed a death knight
 12867 | D:9      | Killed a skeletal warrior
 12878 | D:9      | Annihilated by a death knight

Illustrated notes

Levels and vault maps discovered:
D:1:      lightli_molten_gateway, layout_basic,
          shapermc_ecumenical_altar_starsandcircs
D:2:      layout_loops_ring, minmay_liquid_box, minmay_small_reverse_x
D:3:      layout_loops_ring, tso_oasis_becter, uniq_sigmund
D:4:      layout_loops_ring, uniq_edmund, uniq_grinder, uniq_menkaure, uniq_ijyb
D:5:      layout_gridville, mainiacjoe_overflow_alcove_1,
          mainiacjoe_overflow_paths, temple_green,
          nicolae_elevator_lobby_asterisk
D:6:      layout_loops_ring, uniq_duvessa
D:7:      layout_rooms, grunt_temple_overflow_growth_and_decay,
          mainiacjoe_overflow_catwalk, grunt_gozag_statues, grunt_ministairs_5,
          nrook_campfire, hellmonk_bongcloud_opening,
          kennysheep_generic_room_16, uniq_harold
D:8:      layout_rooms, vehumet_statue, david_lair_shrubbed,
          serial_co_window_serial, co_window_of_opportunity_a,
          co_window_cross_1, co_window_paths_b, co_window_of_opportunity_a,
          co_window_paths_a, co_window_paths_a, co_window_of_opportunity_a,
          co_window_corner_b, co_window_corner_b, co_window_of_opportunity_c,
          co_window_cross_3, co_window_broadway_b, co_window_paths_d,
          glass_columns_a, glass_columns_a, glass_columns_a
D:9:      minmay_the_grid_triangle_9x9_rhombus_thin_mashed
          [minmay_the_grid_triangle_9x9_skeleton,
          minmay_the_grid_triangle_9x9_prize_insulated,
          minmay_the_grid_triangle_9x9_warning,
          minmay_the_grid_triangle_9x9_impossible_snake], layout_rooms,
          mainiacjoe_overflow_swirl, dk_vineyard_2, uniq_gastronok, uniq_maggie

Skill      XL: |  1  2  3  4  5  6  7  8  9 10 |
---------------+-------------------------------+-----
Stealth        | 1 3 5 6 7 9 12 | 12.0
Unarmed Combat | 4 5 6 9 8 10 | 10.0
Dodging        | 5 8 9 10 | 10.0
Fighting       | 4 5 9 |  9.2
Evocations     | 6 5 |  6.0

Action                   |  1- 3 |  4- 6 |  7- 9 | 10-12 || total
-------------------------+-------+-------+-------+-------++-------
Melee: Unarmed           |    87 |    61 |   380 |    72 ||   600
       Bite              |    10 |     6 |    46 |    17 ||    79
       Punch             |     2 |     1 |    19 |     7 ||    29
Invok: Berserk           |     6 |     6 |    37 |     4 ||    53
       Trog's Hand       |       |       |     2 |       ||     2
Evoke: Wand              |       |       |     3 |       ||     3
  Use: Scroll            |     2 |     3 |    10 |     2 ||    17
       Potion            |       |       |     1 |     1 ||     2
 Stab: Sleeping          |     4 |     4 |    12 |     1 ||    21
       Distracted        |       |       |     1 |       ||     1
Armor: Skin              |     3 |       |     8 |     2 ||    13
Dodge: Dodged            |    51 |    32 |   248 |    55 ||   386

Table legend: (Time is in decaauts)
 A = Elapsed time spent in this place.
 B = Non-inter-level travel time spent in this place.
 C = Inter-level travel time spent in this place.
 D = Time resting spent in this place.
 E = Time spent auto-exploring this place.
 F = Levels seen in this place.
 G = Mean time per level.
                   A        B        C        D        E       F      G
               +--------+--------+--------+--------+--------+-----+--------+
         Total |  12175 |  12021 |    154 |   5726 |   4862 |   9 | 1352.8 |
       Dungeon |  12175 |  12021 |    154 |   5726 |   4862 |   9 | 1352.8 |
               +--------+--------+--------+--------+--------+-----+--------+

Top non-repeatable levels by time:
     D:4: 1839 daAuts
     D:8: 1536 daAuts
     D:6: 1472 daAuts
     D:5: 1411 daAuts
     D:7: 1288 daAuts
     D:3: 1215 daAuts
     D:2: 1199 daAuts
     D:1: 1139 daAuts
     D:9: 1073 daAuts
